 Dungeon Crawl Stone Soup version 0.25.1-2-g60ff931df9 (webtiles) character file.

Game seed: 6010289730529904714

46 Peloso the Shield-Bearer (level 3, 29/29 HPs)
             Began as a Minotaur Fighter on Aug 14, 2020.
             Got out of the dungeon alive.
             The game lasted 00:02:46 (1201 turns).

Peloso the Shield-Bearer (Minotaur Fighter)         Turns: 1201, Time: 00:02:46

Health: 29/29      AC:  7    Str: 20    XL:     3   Next: 44%
Magic:  2/2        EV:  7    Int:  5    God:
Gold:   56         SH:  9    Dex: 10    Spells: 2/2 levels left

rFire    . . .     SeeInvis .   a - +0 long sword
rCold    . . .     Gourm    .   c - +0 kite shield
rNeg     . . .     Faith    .   b - +0 scale mail
rPois    .         Spirit   .   (helmet restricted)
rElec    .         Reflect  .   (no cloak)
rCorr    .         Harm     .   (no gloves)
MR       .....                  (no boots)
Stlth    ..........             (no amulet)
HPRegen  0.09/turn              (no ring)
MPRegen  0.08/turn              (no ring)

@: no status effects
A: retaliatory headbutt, horns 2, frail 1, wild magic 1
a: no special abilities


You escaped.
You were not hungry.

You visited 1 branch of the dungeon, and saw 2 of its levels.

You collected 56 gold pieces.

Inventory:

Hand Weapons
 a - a +0 long sword (weapon)
Armour
 b - a +0 scale mail (worn)
 c - a +0 kite shield (worn)
Scrolls
 e - 3 scrolls of identify {unknown}
 g - 3 scrolls of teleportation {unknown}
 h - 2 scrolls of fog {unknown}
 i - 2 scrolls of remove curse {unknown}
 m - a scroll of random uselessness {unknown}
Potions
 d - a potion of might
Comestibles
 f - 6 rations
 k - 3 chunks of flesh


   Skills:
 + Level 3.8 Fighting
 + Level 3.4 Long Blades
 + Level 4.1 Armour
 + Level 4.2 Shields


You had 2 spell levels left.
You didn't know any spells.
Your spell library was empty.

Dungeon Overview and Level Annotations

Branches:
Dungeon (2/15)

Altars:


Innate Abilities, Weirdness & Mutations

You reflexively headbutt those who attack you in melee.
You have a pair of horns on your head.
You are frail. (-10% HP)
Your spells are a little harder to cast, but a little more powerful.


Message History

Where to? (Enter - D:1 @ (x,y), ? - help)
A worm comes into view.
The worm closely misses you.
You riposte.
You slash the worm! You headbutt the worm!
The worm is almost dead.
You hit the worm.
The worm is almost dead.
The worm bites you.
You slash the worm!
You kill the worm!
You see here a worm corpse.
(D) Dungeon
Where to? (Enter - D:1 @ (x,y), ? - help) Some of the chunks of flesh in your inventory have rotted away.
There is a stone staircase leading up here.
You climb upwards.
There is a stone staircase leading down here.
There is a staircase leading out of the dungeon here.
Are you sure you want to leave the Dungeon?
This will make you lose the game!
You have escaped!

## ##...###.#.###.###.# #
#..####.#.)..)....# #
#.......#####.#####
##.###### #.# ##'## #.#
##...## #.### ##.....##
#####...#### #
##.......###..........#
####.(.......##.@#.......#
...+.........+..##.....≈≈#
####....>....#.....§§..≈≈#
# ##.......#.#...≈§§§≈≈§#
##.....##....≈≈≈§§§≈§#
##...##...≈≈§≈≈§§≈§≈#
###+###..§§§≈≈≈≈≈≈§§#
#........§§§§§§≈≈≈≈§#
#.#.####.§≈§§§§§≈≈≈≈#


There were no monsters in sight!

Vanquished Creatures
  An adder (D:2)
  An ooze (D:2)
  A worm (D:2)
  A dart slug (D:1)
  2 ball pythons
  A giant cockroach (D:1)
  4 goblins (D:1)
  3 hobgoblins
  2 kobolds (D:1)
  3 bats
  4 frilled lizards (D:2)
  9 rats
32 creatures vanquished.

Notes
Turn   | Place    | Note
-------+----------+-------------------------------------------
     0 | D:1      | Peloso the Minotaur Fighter began the quest for the Orb.
     0 | D:1      | Reached XP level 1. HP: 19/19 MP: 0/0
   250 | D:1      | Reached XP level 2. HP: 27/27 MP: 1/1
  1037 | D:2      | Reached XP level 3. HP: 33/33 MP: 2/2
  1112 | D:2      | Gained mutation: You are frail. (-10% HP) [potion of
                  | mutation]
  1112 | D:2      | Gained mutation: Your spells are a little harder to cast,
                  | but a little more powerful. [potion of mutation]
  1201 | D:$      | Got out of the dungeon alive.

Illustrated notes

Levels and vault maps discovered:
D:1:      dpeg_arrival_lava_altar, layout_loops_corners
D:2:      layout_loops_cross, makhleb_altar_promises_db,
          nemelex_xobeh_ov_fountains_minmay, first_ration, uniq_jessica

Skill      XL: |  1  2 |
---------------+-------+-----
Armour         | 4 |  4.1
Shields        | 4 |  4.2
Long Blades    | 3 |  3.4
Fighting       | |  3.8

Action                   || total
-------------------------++-------
Melee: Long sword        ||    59
       Headbutt          ||     8
  Use: Potion            ||     3
  Eat: Chunk             ||     1
Armor: Scale mail        ||    25
Dodge: Dodged            ||    14
Block: Kite shield       ||    31
       Rpst.: Long sword ||     3
